 Dungeon Crawl Stone Soup version 0.18.1-48-g4cf74bf (webtiles) character file.

36 Dickchan the Changer (level 3, 0/31 HPs)
             Began as a Naga Transmuter on Aug 14, 2016.
             Killed by divine providence
             ... invoked by an orc priest
              (13 damage)
             ... on level 1 of the Dungeon.
             The game lasted 00:02:12 (1560 turns).

Dickchan the Changer (Naga Transmuter)              Turns: 1560, Time: 00:02:12

Health: 0/31       AC:  2    Str: 12    XL:     3   Next: 37%
Magic:  6/6        EV: 10    Int: 14    God:
Gold:   80         SH:  0    Dex: 11    Spells: 1 memorised, 5 levels left

rFire  . . .     SeeInvis +       - Unarmed
rCold  . . .     Gourm    .     b - +0 robe
rNeg   . . .     Faith    .     (no shield)
rPois  +         Spirit   .     (no helmet)
rElec  .         Dismiss  .     (no cloak)
rCorr  .         Reflect  .     (no gloves)
SustAt .         Harm     .     (no barding)
MR     .....                    (no amulet)
Stlth  +.........               (no ring)
                                (no ring)

@: appendage, very slow, not resistant to hostile enchantments, very unstealthy
A: horns 2, see invisible, deformed body, poison resistance, slowness 2, slow
metabolism 1, spit poison 2, AC +1
a: Spit Poison, End Transformation


You were on level 1 of the Dungeon.
You were hungry.
You had grown temporary horns.
You visited 1 branch of the dungeon, and saw 1 of its levels.

You collected 80 gold pieces.

Inventory:

Missiles
 a - 12 arrows
Armour
 b - a +0 robe (worn)
Scrolls
 e - a scroll of magic mapping {unknown}
 j - a scroll of recharging {unknown}
 k - a scroll of remove curse {unknown}
 l - a scroll of identify {unknown}
Potions
 f - 2 potions of cure mutation {unknown}
 i - a potion of invisibility {unknown}
Books
 c - a book of Changes

   Spells                             Type                      Level
   a - Beastly Appendage              Transmutation                1
   b - Sticks to Snakes               Transmutation                2
   c - Spider Form                    Transmutation/Poison         3
   d - Ice Form                       Ice/Transmutation            4
   e - Blade Hands                    Transmutation                5
Comestibles
 d - 2 bread rations
 h - a meat ration


   Skills:
 - Level 1.0 Fighting
 - Level 1.5 Dodging
 - Level 3.0 Unarmed Combat
 - Level 2.0 Spellcasting
 + Level 3.7 Transmutations


You had 5 spell levels left.
You knew the following spells:

 Your Spells              Type           Power        Failure   Level  Hunger
a - Beastly Appendage     Trmt           ##....       6%          1    ##.....


Dungeon Overview and Level Annotations

Branches:
Dungeon (1/15)

Altars:


Innate Abilities, Weirdness & Mutations

You cannot wear boots.
Your serpentine skin is tough (AC +1).
You have supernaturally acute eyesight.
Armour fits poorly on your strangely shaped body.
Your system is resistant to poisons.
You cover ground very slowly.
You have a slow metabolism.
You can spit poison.
You have a pair of horns on your head.


Message History

The orc priest hits you with a dagger. The orc hits you but does no damage.
You closely miss the orc priest. The orc priest hits you with a dagger.
You closely miss the orc priest. The orc hits you but does no damage.
The orc priest closely misses you.
You barely miss the orc priest. Your punch misses the orc priest.
The orc barely misses you. The orc priest hits you with a dagger.
The orc wizard gestures wildly while chanting.
The orc wizard blinks!
You hit the orc priest. Your headbutt misses the orc priest.
The orc priest is lightly wounded.
The orc misses you. The orc priest barely misses you.
You hit the orc priest.
You headbutt the orc priest, but do no damage.
The orc priest is moderately wounded.
The orc barely misses you.
The orc priest invokes the aid of Beogh against you.
Beogh smites you!
The orc priest calls down the wrath of Beogh upon you.
Beogh smites you!
You die...

#.#######.# #.# #.# #.# #.# #####
#.# ##.###########.# #... #.#
#..............###.## #.#
#..............(..).# #.#
#...#######...(.....#### #.#
#........)..##..........
#.######...######..####.#.#.###
#......###....@.#..# #.#.#.# #
#......# #.####o#..####.#.#.###
#......# #.....o..o>.##.#.#....
###......########.#..#.##.#.#####
..............)...#..#.##.#....#
##..#.##.....######..#.##.#.##.#
##..#.##.....##......#. #.#..#)##
##..#............#####.##.####.#.
##..#...................#......#.


You could see an orc priest and an orc.

Vanquished Creatures
  An ooze (D:1)
  A dart slug (D:1)
  A giant gecko (D:1)
  3 goblins (D:1)
  3 hobgoblins (D:1)
  6 jackals (D:1)
  3 bats (D:1)
  2 giant newts (D:1)
  7 kobolds (D:1)
  2 rats (D:1)
29 creatures vanquished.

Notes
Turn   | Place    | Note
--------------------------------------------------------------
     0 | D:1      | Dickchan the Naga Transmuter began the quest for the Orb.
     0 | D:1      | Reached XP level 1. HP: 18/18 MP: 3/3
   388 | D:1      | Reached XP level 2. HP: 8/25 MP: 3/5
   966 | D:1      | Reached XP level 3. HP: 23/31 MP: 3/6
  1560 | D:1      | Killed from afar by an orc priest

Skill      XL: |  1  2 |
---------------+-------+-----
Transmutations | 3 |  3.7
Fighting       | |  1.0
Dodging        | |  1.5
Unarmed Combat | |  3.0
Spellcasting   | |  2.0

Action                   || total
-------------------------++-------
Melee: Unarmed           ||   112
       Headbutt          ||     7
       Punch             ||     1
 Cast: Beastly Appendage ||     9
 Abil: Spit Poison       ||     7
 Stab: Sleeping          ||     1
  Eat: Chunk             ||     1
Armor: Robe              ||    15
Dodge: Dodged            ||    79
